 Dungeon Crawl Stone Soup version 0.21.0 (webtiles) character file.

15 tidbits the Sneak (level 2, 0/11 HPs)
             Began as a Felid Earth Elementalist on Jan 6, 2018.
             Killed by divine providence
             ... invoked by an orc priest
              (11 damage)
             ... on level 7 of the Dungeon.
             The game lasted 00:02:10 (235 turns).

tidbits the Sneak (Felid Earth Elementalist)         Turns: 235, Time: 00:02:11

Health: 0/11       AC:  1    Str:  4    XL:     2   Next: 34%
Magic:  6/6        EV: 18    Int: 16    God:
Gold:   47         SH:  0    Dex: 16    Spells: 2/5 levels left
                                        Lives:  0   Deaths: 0

rFire    . . .     SeeInvis +     - Unarmed
rCold    . . .     Gourm    .   (shield unavailable)
rNeg     . . .     Faith    .   (armour unavailable)
rPois    .         Spirit   .   (helmet unavailable)
rElec    .         Reflect  .   (cloak unavailable)
rCorr    .         Harm     .   (gloves unavailable)
MR       .....                  (boots unavailable)
Stlth    +++.......             (no amulet)
HPRegen  0.03/turn              (no ring)
MPRegen  0.10/turn              (no ring)

@: quick
A: very small, no armour, no weapons or thrown items, stealth, claws 1, fangs 3,
see invisible, carnivore, speed 1, shaggy fur 1, slow metabolism 1, sharp paws
a: no special abilities


You were on level 7 of the Dungeon.
You were not hungry.

You visited 1 branch of the dungeon, and saw 7 of its levels.

You collected 47 gold pieces.

Inventory:

Missiles
 b - 47 stones
Potions
 a - a potion of curing {unknown}
Books
 d - a book of Geomancy

   Spells                             Type                      Level
   a - Sandblast                      Earth                        1
   b - Passwall                       Transmutation/Earth          2
   c - Stone Arrow                    Conjuration/Earth            3
   d - Petrify                        Transmutation/Earth          4
   e - Lee's Rapid Deconstruction     Earth                        5
Comestibles
 c - 4 rations


   Skills:
 - Level 2.6 Dodging
 + Level 3.6 Stealth
 + Level 1.3 Unarmed Combat
 - Level 2.0 Spellcasting
 - Level 1.1 Transmutations
 - Level 2.6 Earth Magic


You had 2 spell levels left.
You knew the following spells:

 Your Spells              Type           Power        Failure   Level  Hunger
a - Sandblast             Erth           ##....       7%          1    #......
p - Passwall              Tmut/Erth      #.........   14%         2    ###....


Dungeon Overview and Level Annotations

Branches:
Dungeon (6/15)
 Temple: D:4-7

Altars:


Innate Abilities, Weirdness & Mutations

You cannot wear armour.
You are incapable of wielding weapons or throwing items.
Your paws allow you to move quietly. (Stealth)
You have sharp claws.
You have razor-sharp teeth.
You have supernaturally acute eyesight. (SInv)
You are carnivorous and can eat meat at any time.
You cover ground quickly.
You are covered in fur. (AC +1)
You have a slow metabolism.
Your sharp claws are effective at attacking unaware monsters.


Message History

A rat comes into view.
A jackal comes into view.
The helpless rat fails to defend itself.
You claw the rat!
You kill the rat!
You have reached level 2!
Memorise Passwall, consuming 2 spell levels and leaving 2?
You start memorising the spell.
You continue memorising. x2
You finish memorising.
Spell assigned to 'w'.
Adjust (i)tems, (s)pells, or (a)bilities?
Adjust which spell? w - Passwall Adjust to which letter? p - Passwall You see here 10 gold pieces. 2 jackals come into view.
You pounce on the unaware helpless jackal!
You claw the jackal!
You kill the jackal!
You pounce on the unaware helpless jackal!
You claw the jackal!
You kill the jackal!
Casting: Sandblast
Confirm with . or Enter, or press ? or * to list all spells.
Aiming: Sandblast
Press: ? - help, Shift-Dir - straight line, f - jackal
Aim: a jackal The blast of sand hits the jackal.
The jackal is almost dead.
b - 47 stones
Casting: Sandblast
Confirm with . or Enter, or press ? or * to list all spells.
Aiming: Sandblast
Press: ? - help, Shift-Dir - straight line, f/p - jackal
Aim: a jackal (almost dead)
You miscast Sandblast.
You are very lightly contaminated with residual magic.
You feel earthy. The jackal closely misses you.
Casting: Sandblast
Confirm with . or Enter, or press ? or * to list all spells.
You don't have enough magic to cast that spell.
Unknown command.
You scratch the jackal but do no damage.
The jackal is almost dead.
The jackal barely misses you.
You barely miss the jackal.
The jackal is almost dead.
The jackal misses you. x2
You scratch the jackal.
You kill the jackal!
You now have 47 gold pieces (gained 10).
There is a stone staircase leading down here.
You climb downwards.
There is a stone staircase leading up here.
Your magical contamination has completely faded away.
Found a lajatang.
You see here a lajatang.
Found a ration.
Found a scroll labeled KOTURR VUBOERPH.
c - 4 rations (gained 1)
Found a stone staircase leading down.
f - a scroll labeled KOTURR VUBOERPH
There is a stone staircase leading down here.
You open the door.
There is a stone staircase leading down here.
HP restored.
You climb downwards.
There is a stone staircase leading up here.
You open the door.
There is an open door here.
Found a spear.
As you read the scroll labeled YMEOJ XIMUSUO, it crumbles to dust.
It is a scroll of enchant weapon.
You aren't carrying any weapons that can be enchanted.
As you read the scroll labeled KOTURR VUBOERPH, it crumbles to dust.
You feel strangely unstable.
It was a scroll of teleportation.
Your surroundings suddenly seem different.
Found a stone staircase leading down.
There is a stone staircase leading down here.
You climb downwards.
A leopard gecko skeleton comes into view.
There is a stone staircase leading up here.
The helpless leopard gecko skeleton fails to defend itself.
You claw the leopard gecko skeleton!
You destroy the leopard gecko skeleton!
A crimson imp comes into view.
There is a shaft here.
You fall through a shaft!
The shaft crumbles and collapses. 5 orcs and a phantom come into view.
Found a glowing arbalest.
You pounce on the unaware helpless orc!
You claw the orc!
You kill the orc!
Okay, then.
The orc wizard shouts!
The orc priest shouts!
The orc shouts!
The orc warrior barely misses you.
The phantom blinks!
The orc priest invokes the aid of Beogh against you.
Beogh smites you!
Ouch! That really hurt!
You die...

#... #..#
#..#
###..##
.....
#.o##
##...## #
#.Wooo#.#
##†..@..#
##.#####
#§# #.#
#+#


You could see a phantom, an orc warrior, an orc priest, an orc wizard and an
orc.

Vanquished Creatures
  A dart slug (D:3)
  An orc (D:7)
  2 hobgoblins (D:3)
  3 jackals (D:3)
  A kobold (D:3)
  A bat (D:3)
  A leopard gecko skeleton (D:6)
  A rat (D:3)
11 creatures vanquished.

Notes
Turn   | Place    | Note
-------+----------+-------------------------------------------
     0 | D:1      | tidbits the Felid Earth Elementalist began the quest for the Orb.
     0 | D:1      | Reached XP level 1. HP: 7/7 MP: 4/4
    47 | D:3      | Reached skill level 3 in Stealth
    49 | D:3      | Noticed a sky beast
   111 | D:3      | Reached skill level 1 in Unarmed Combat
   126 | D:3      | Reached XP level 2. HP: 9/11 MP: 1/6
   130 | D:3      | Learned a level 2 spell: Passwall
   186 | D:5      | Entered Level 5 of the Dungeon
   224 | D:6      | Noticed a crimson imp
   231 | D:6      | You fall through a shaft!
   231 | D:7      | Noticed an orc warrior
   231 | D:7      | Noticed a phantom
   235 | D:7      | Killed from afar by an orc priest

Skill      XL: |  1 |
---------------+----+-----
Stealth        | 3 |  3.6
Unarmed Combat | 1 |  1.3
Dodging        | |  2.6
Spellcasting   | |  2.0
Transmutations | |  1.1
Earth Magic    | |  2.6

Action                   || total
-------------------------++-------
Melee: Unarmed           ||     9
 Cast: Sandblast         ||     9
  Use: Scroll            ||     2
 Stab: Sleeping          ||     6
Dodge: Dodged            ||    10

Table legend:
 A = Turns spent in this place as a percentage of turns spent in the entire game.
 B = Non-inter-level travel turns spent in this place as a percentage of non-inter-level travel turns spent in the entire game.
 C = Inter-level travel turns spent in this place as a percentage of turns spent in this place.
 D = Turns resting spent in this place as a percentage of non-inter-level travel turns spent in this place.
 E = Turns spent auto-exploring this place as a percentage of non-inter-level travel turns spent in this place.
 F = Non-inter-level travel turns spent in this place divided by the number of levels of this place that you've seen.
                   A       B       C       D       E      F
               +-------+-------+-------+-------+-------+----------------------
         Total | 100.0 | 100.0 |   0.0 |   0.0 |   0.0 |  33.6
       Dungeon | 100.0 | 100.0 |   0.0 |   0.0 |   0.0 |  33.6
               +-------+-------+-------+-------+-------+----------------------

Table legend:
 A = Kills in this place as a percentage of kills in entire the game.
 B = Kills by you in this place as a percentage of kills by you in the entire game.
 C = Kills by friends in this place as a percentage of kills by friends in the entire game.
 D = Other kills in this place as a percentage of other kills in the entire game.
 E = Experience gained in this place as a percentage of experience gained in the entire game.
 F = Experience gained in this place divided by the number of levels of this place that you have seen.
                   A       B       C       D       E      F
               +-------+-------+-------+-------+-------+----------------------
         Total | 100.0 | 100.0 |   N/A |   N/A | 100.0 |   3.1
       Dungeon | 100.0 | 100.0 |   N/A |   N/A | 100.0 |   3.1
               +-------+-------+-------+-------+-------+----------------------

Vault maps used:
D:1:      lemuel_arrival_broad_hall, minmay_lizard_pond
D:2:      first_ration, trog_three_pillars_becter, uniq_terence
D:3:      gammafunk_temple_overflow_elements, uniq_grinder, uniq_natasha
D:5:      serial_undead, serial_undead_e, serial_undead_e, serial_undead_f,
          serial_undead_e, serial_undead_d, serial_undead_a, serial_undead_e,
          serial_undead_e
D:6:      basic_altar, uniq_prince_ribbit1, uniq_duvessa, uniq_edmund
D:7:      lemuel_coloured_pillars_altar, minmay_temple_entry_enclosed_plants,
          uniq_joseph
